 Dungeon Crawl Stone Soup version 0.23.2-30-g0e89c35649 (webtiles) character file.

Game seed: 1762456383162606062

32 eggy the Stinger (level 3, -4/21 HPs)
             Began as an Octopode Venom Mage on June 8, 2019.
             Killed from afar by Natasha (9 damage)
             ... with a magic dart
             ... on level 2 of the Dungeon.
             The game lasted 00:02:28 (838 turns).

eggy the Stinger (Octopode Venom Mage)               Turns: 838, Time: 00:02:29

Health: -4/21      AC:  1    Str:  7    XL:     3   Next: 27%
Magic:  0/6        EV: 13    Int: 17    God:
Gold:   61         SH:  0    Dex: 13    Spells: 3/6 levels left

rFire    . . .     SeeInvis .   a - +0 dagger (venom)
rCold    . . .     Gourm    .   (no shield)
rNeg     . . .     Faith    .   (helmet restricted)
rPois    .         Spirit   .   (no amulet)
rElec    .         Reflect  .   (no ring)
rCorr    .         Harm     .   (no ring)
MR       .....                  (no ring)
Stlth    +++.......             (no ring)
HPRegen  0.07/turn              (no ring)
MPRegen  0.10/turn              (no ring)
                                (no ring)
                                (no ring)

@: slowed, very slow
A: almost no armour, stealthy swim, amphibious, 8 rings, constrict 8, camouflage
1, gelatinous body 1
a: no special abilities


You were on level 2 of the Dungeon.
You were not hungry.

You visited 1 branch of the dungeon, and saw 2 of its levels.

You collected 61 gold pieces.

Inventory:

Hand Weapons
 a - a +0 dagger of venom (weapon)
Scrolls
 c - a scroll of enchant armour {unknown}
 e - 3 scrolls of remove curse {unknown}
 g - a scroll of fear {unknown}
 i - a scroll of random uselessness {unknown}
 k - 3 scrolls of blinking {unknown}
 m - a scroll of teleportation {unknown}
Potions
 f - 2 potions of flight {unknown}
 h - a potion of agility {unknown}
 j - a potion of ambrosia {unknown}
 l - a potion of magic {unknown}
Comestibles
 b - a ration
 d - 5 chunks of flesh


   Skills:
 + Level 2.0 Dodging
 + Level 3.4 Stealth
 + Level 2.2 Spellcasting
 + Level 1.0 Conjurations
 + Level 4.6 Poison Magic


You had 3 spell levels left.
You knew the following spells:

 Your Spells              Type           Power        Failure   Level  Hunger
a - Sting                 Conj/Pois      ##..         6%          1    #......
b - Poisonous Vapours     Pois/Air       #.....       11%         2    ###....

Your spell library contained the following spells:

 Spells                   Type           Power        Failure   Level  Hunger
 Mephitic Cloud           Conj/Pois/Air  #.......     26%         3    ###....
 Olgreb's Toxic Radiance  Pois           ###.....     28%         4    #####..
 Venom Bolt               Conj/Pois      ##........   86%         5    ######.


Dungeon Overview and Level Annotations

Branches:
Dungeon (2/15)

Altars:

Annotations:
D:2 Natasha


Innate Abilities, Weirdness & Mutations

You cannot wear most types of armour.
You are very stealthy in the water. (Stealth+)
You are amphibious.
You can wear up to eight rings at the same time.
You can use your tentacles to constrict eight enemies at once.
Your skin changes colour to match your surroundings (Stealth+).
Your rubbery body absorbs attacks. (AC +1, EV +1)


Message History

Casting: Poisonous Vapours (safe; 11% risk of failure)
Confirm with . or Enter, or press ? or * to list all spells.
Aiming: Poisonous Vapours (safe; 11% risk of failure)
Press: ? - help, Dir - move target cursor, f/p - Natasha
Aim: Natasha (moderately wounded, poisoned) Poisonous vapours surround Natasha!
Natasha is engulfed in poison gas.
Natasha looks even sicker.
Natasha wildly gestures.
Natasha shimmers violently.
Natasha casts a spell at you. You resist with significant effort.
Casting: Poisonous Vapours (safe; 11% risk of failure)
Confirm with . or Enter, or press ? or * to list all spells.
You don't have enough magic to cast that spell.
Natasha stares at you and mumbles some strange words.
You resist with significant effort.
Natasha drinks a potion.
Natasha is healed!
Natasha looks more healthy.
Natasha casts a spell at you. The magic dart hits you!
You die...

........#.#.# #.##
#......#.#.# #####.##
#......#.#.# ...#.##
#......#.#.#######.#.##
#....................
#.##.###.#####.#.#.##
#>.........รท.........
##.#.#.......#.#.#.##
#.#@#.....#.#.#.#.## #
#h#######.#.#...## #..
..#.#.#### #... ..#.###
#...# ##.#.. #.#.#
#.### # ###.# .#


You could see Natasha.

Vanquished Creatures
  3 dart slugs (D:1)
  A leopard gecko (D:2)
  A giant cockroach (D:1)
  2 goblins (D:1)
  2 hobgoblins (D:1)
  6 kobolds
  4 bats (D:1)
  4 frilled lizards (D:1)
  5 rats
28 creatures vanquished.

Notes
Turn   | Place    | Note
-------+----------+-------------------------------------------
     0 | D:1      | eggy the Octopode Venom Mage began the quest for the Orb.
     0 | D:1      | Reached XP level 1. HP: 11/11 MP: 3/3
    60 | D:1      | Reached skill level 4 in Poison Magic
    96 | D:1      | Reached XP level 2. HP: 13/17 MP: 5/5
   107 | D:1      | Learned a level 2 spell: Poisonous Vapours
   595 | D:1      | Reached XP level 3. HP: 21/21 MP: 6/6
   831 | D:2      | Noticed Natasha
   838 | D:2      | Killed from afar by Natasha

Skill      XL: |  1  2 |
---------------+-------+-----
Poison Magic   | 4 |  4.6
Stealth        | 3 |  3.4
Dodging        | |  2.0
Spellcasting   | |  2.2
Conjurations   | |  1.0

Action                   || total
-------------------------++-------
Melee: Dagger            ||    45
       Constrict         ||    16
       Unarmed           ||     4
       Tentacles         ||     6
 Cast: Poisonous Vapours ||     4
 Stab: Sleeping          ||    11
Armor: Skin              ||     6
Dodge: Dodged            ||    25
